 Dungeon Crawl Stone Soup version 0.20.1-1-g8b1a95d (webtiles) character file.

5985 vineage the Basher (level 10, -4/63 HPs)
             Began as a Gargoyle Fighter on Sept 12, 2017.
             Was a Believer of Okawaru.
             Killed from afar by a molten gargoyle (22 damage)
             ... with a bolt of magma
             ... on level 10 of the Dungeon.
             The game lasted 00:12:58 (7189 turns).

vineage the Basher (Gargoyle Fighter)               Turns: 7189, Time: 00:12:58

Health: -4/63      AC: 17    Str: 34    XL:     10   Next: 85%
Magic:  10/10      EV:  9    Int:  6    God:    Okawaru [**....]
Gold:   487        SH: 23    Dex:  9    Spells: 9/9 levels left

rFire    . . .     SeeInvis +   a - +0 flail
rCold    . . .     Gourm    .   w - +0 large shield
rNeg     + . .     Faith    .   b - +0 scale mail
rPois    ∞         Spirit   .   k - +0 helmet
rElec    +         Reflect  .   (no cloak)
rCorr    .         Harm     .   y - +0 pair of gloves
MR       .....                  (no boots)
Stlth    ..........             (no amulet)
Regen    0.2/turn               h - ring of see invisible
MPRegen  0.2/turn               p - +3 ring of strength

@: mighty
A: large bone plates 1, dopey 1, negative energy resistance 1, electricity
resistance, strong 1, unbreathing, petrification resistance, rot immunity, AC +7
a: Heroism, Renounce Religion


You were on level 10 of the Dungeon.
You worshipped Okawaru.
Okawaru was pleased with you.
You were hungry.

You visited 2 branches of the dungeon, and saw 10 of its levels.

You collected 487 gold pieces.

Inventory:

Hand Weapons
 a - a +0 flail (weapon)
Armour
 b - a +0 scale mail (worn)
 c - a +0 shield
 k - a +0 helmet (worn)
 w - a +0 large shield (worn)
 y - a +0 pair of gloves (worn)
Jewellery
 h - a ring of see invisible (left hand)
 p - a +3 ring of strength (right hand)
 D - a +2 ring of protection {unknown}
Wands
 n - a wand of enslavement (7/24)
 r - a wand of random effects (24/48)
 t - a wand of lightning (7/15)
 u - a wand of digging (16/24)
 z - a wand of flame (33/48)
 B - a wand of iceblast (1/15)
Scrolls
 e - 5 scrolls of identify
 g - 3 scrolls of amnesia {unknown}
 i - a scroll of magic mapping {unknown}
 j - 3 scrolls of enchant armour {unknown}
 l - 7 scrolls of teleportation {unknown}
 m - 2 scrolls of remove curse {unknown}
 o - a scroll of recharging {unknown}
 q - 2 scrolls of enchant weapon {unknown}
 s - a scroll of fog {unknown}
 v - a scroll of immolation {unknown}
 C - 2 scrolls of blinking {unknown}
Potions
 x - a potion of curing
Books
 F - a book of Conjurations

   Spells                             Type                      Level
   a - Magic Dart                     Conjuration                  1
   b - Searing Ray                    Conjuration                  2
   c - Dazzling Spray                 Conjuration/Hexes            3
   d - Fulminant Prism                Conjuration/Hexes            4
   e - Force Lance                    Conjuration/Translocation    4
   f - Iskenderun's Mystic Blast      Conjuration                  4
Comestibles
 d - a meat ration
 f - 4 bread rations


   Skills:
 + Level 7.1 Fighting
 + Level 9.9 Maces & Flails
 + Level 7.2 Armour
 + Level 3.8 Dodging
 + Level 1.2 Stealth
 + Level 9.7 Shields
 + Level 0.2 Invocations


You had 9 spell levels left.
You didn't know any spells.

Dungeon Overview and Level Annotations

Branches:
Dungeon (8/15)             Temple (1/1) D:7
   Lair: D:8-11

Altars:
Dithmenos
Elyvilon
Fedhas
Hepliaklqana
Kikubaaqudgha
Nemelex Xobeh
Okawaru
Ru
Trog
Vehumet
The Shining One

Shops:
D:4 }   D:8 =


Innate Abilities, Weirdness & Mutations

You are resistant to torment.
Your stone body is resilient. (AC +7)
You are immune to poison.
You resist negative energy. (rN+)
You are resistant to electric shocks. (rElec)
You can survive without breathing.
You are immune to petrification.
You are immune to rotting.
You are partially covered in large bone plates. (SH +4)
You are dopey. (Int -2)
Your muscles are strong. (Str +2)


Message History

The molten gargoyle is moderately damaged.
The molten gargoyle blasts magma at you!
The bolt of magma misses you. You block the molten gargoyle's attack.
The molten gargoyle blasts magma at you!
The bolt of magma hits you!
You hit the molten gargoyle but do no damage.
The molten gargoyle is moderately damaged.
You block the molten gargoyle's attack. x2
You closely miss the molten gargoyle.
The molten gargoyle is moderately damaged.
You block the molten gargoyle's attack.
You hit the molten gargoyle but do no damage.
The molten gargoyle is moderately damaged.
The molten gargoyle blasts magma at you!
The bolt of magma hits you!
* * * LOW HITPOINT WARNING * * *
You feel very mighty all of a sudden.
The molten gargoyle blasts magma at you!
The bolt of magma hits you!
You die...

§≈§≈≈≈≈..#...#
≈§≈≈≈≈§§#....#
§§88≈§§.#...#
≈≈88≈≈.#....# #... .
§≈≈≈≈≈.#...##..##..#
#...
.≈§§≈≈≈(#....##..##..#
#..#
...9.≈§(9#...##..##..#
#..#
#.#.#.#.#99..##..##..#
#..#
#.#.#.#.#@..##..##..#
#[.#
c.###..#...##..##..#
#..# ...
#..#...##..##..# #..#
#..
#..#...##..##..###..#
#.
......................
......................
######################


You could see 3 molten gargoyles.

Vanquished Creatures
  Pikel (D:4)
  Joseph (D:6)
  A molten gargoyle (D:10)
  The ghost of dvd the Insei, a novice DgTm (D:5)
  The ghost of bgiannan the Chopper, an amateur HOMo of Cheibriados (D:4)
  Prince Ribbit (D:7)
  A hornet (D:8)
  2 dream sheep (D:8)
  2 yaks (D:8)
  A hungry ghost (D:8)
  Menkaure (D:7)
  Duvessa (D:7)
  A phantom (D:8)
  2 ice beasts
  4 ogres
  A necrophage (D:8)
  A black bear (D:8)
  3 centaurs
  2 big kobolds (D:8)
  3 bullfrogs
  Dowan (D:7)
  A water moccasin zombie (D:6)
  A scorpion (D:6)
  3 killer bees (D:7)
  An electric eel (D:6)
  7 howler monkeys
  2 vampire bats (D:3)
  A crimson imp (D:7)
  5 hounds
  A quasit (D:8)
  3 jellies
  4 orc priests
  A bullfrog skeleton (D:4)
  An orc wizard (D:5)
  Terence (D:2)
  2 iguanas
  Natasha (thrice) (D:2)
  9 worker ants
  2 hound zombies
  A worker ant zombie (D:8)
  8 adders
  4 gnolls (D:5)
  3 shadow imps
  An adder skeleton (D:5)
  2 worms (D:3)
  A dart slug (D:4)
  4 leopard geckos
  17 orcs
  7 bats
  6 bat skeletons (D:3)
  A bat zombie (D:3)
  5 giant cockroaches
  7 hobgoblins
  3 jackals (D:2)
  A quokka (D:6)
  7 frilled lizards
  5 goblins
  8 kobolds
  A quokka zombie (D:5)
  14 rats
186 creatures vanquished.

Vanquished Creatures (others)
  An ogre (D:4)
  An orc (D:4)
  A quokka (D:5)
3 creatures vanquished.

Grand Total: 189 creatures vanquished

Notes
Turn   | Place    | Note
-------+----------+-------------------------------------------
     0 | D:1      | vineage the Gargoyle Fighter began the quest for the Orb.
     0 | D:1      | Reached XP level 1. HP: 14/14 MP: 1/1
   334 | D:1      | Reached XP level 2. HP: 19/19 MP: 2/2
   859 | D:2      | Found a bloodstained altar of Trog.
   889 | D:2      | Reached XP level 3. HP: 20/23 MP: 3/3
   891 | D:2      | Noticed Natasha
   899 | D:2      | Killed Natasha
   948 | D:2      | Found a bloodstained altar of Trog.
   963 | D:2      | Reached XP level 4. HP: 8/29 MP: 4/4
  1356 | D:2      | Noticed Natasha
  1368 | D:2      | Killed Natasha
  1557 | D:2      | Noticed Terence
  1574 | D:2      | Killed Terence
  1574 | D:2      | Reached XP level 5. HP: 33/33 MP: 5/5
  1767 | D:2      | Noticed Natasha
  1777 | D:2      | Killed Natasha
  2304 | D:3      | Found an ancient bone altar of Kikubaaqudgha.
  2329 | D:3      | Reached XP level 6. HP: 27/38 MP: 6/6
  2765 | D:3      | Reached skill level 1 in Dodging
  2975 | D:4      | Reached skill level 5 in Shields
  2975 | D:4      | Reached XP level 7. HP: 25/43 MP: 7/7
  3013 | D:4      | Found Bom Hyhif's Gadget Shop.
  3029 | D:4      | Reached skill level 5 in Armour
  3036 | D:4      | Noticed Pikel
  3082 | D:4      | Killed Pikel
  3082 | D:4      | Reached skill level 5 in Maces & Flails
  3082 | D:4      | Reached XP level 8. HP: 21/48 MP: 8/8
  3223 | D:4      | Noticed bgiannan's ghost (amateur HOMo)
  3250 | D:4      | Killed bgiannan's ghost
  3527 | D:4      | Reached skill level 5 in Fighting
  3617 | D:5      | Entered Level 5 of the Dungeon
  3739 | D:5      | Noticed dvd's ghost (novice DgTm)
  3817 | D:5      | Killed dvd's ghost
  3817 | D:5      | Reached XP level 9. HP: 17/54 MP: 9/9
  4200 | D:5      | Found a white marble altar of Elyvilon.
  4573 | D:6      | Found a blossoming altar of Fedhas.
  5244 | D:7      | Noticed Duvessa
  5244 | D:7      | Noticed Dowan
  5244 | D:7      | Noticed Joseph
  5263 | D:6      | Killed Joseph
  5440 | D:7      | Killed Duvessa
  5477 | D:7      | Killed Dowan
  5519 | D:7      | Reached XP level 10. HP: 56/61 MP: 10/10
  5729 | D:7      | Found a glowing golden altar of the Shining One.
  5963 | D:7      | Noticed Prince Ribbit
  5963 | D:7      | Noticed Menkaure
  5988 | D:7      | Killed Menkaure
  5993 | D:7      | Killed Prince Ribbit
  6464 | D:7      | Found a staircase to the Ecumenical Temple.
  6470 | Temple   | Entered the Ecumenical Temple
  6501 | Temple   | Became a worshipper of Warmaster Okawaru
  6790 | D:8      | Found Ciarph's Jewellery Emporium.
  6810 | D:8      | Gained mutation: You are dopey. (Int -2) [potion of mutation]
  6810 | D:8      | Gained mutation: You are partially covered in large bone plates. (SH +4) [potion of mutation]
  6810 | D:8      | Gained mutation: Your muscles are strong. (Str +2) [potion of mutation]
  6945 | D:8      | Reached skill level 1 in Stealth
  7074 | D:8      | Reached * piety under Okawaru
  7140 | D:8      | You fall through a shaft for 2 floors!
  7140 | D:10     | Entered Level 10 of the Dungeon
  7163 | D:10     | Noticed a molten gargoyle
  7173 | D:10     | Killed a molten gargoyle
  7173 | D:10     | Reached ** piety under Okawaru
  7176 | D:10     | Noticed a molten gargoyle
  7176 | D:10     | Noticed a molten gargoyle
  7178 | D:10     | Noticed a molten gargoyle
  7189 | D:10     | Killed from afar by a molten gargoyle

Skill      XL: |  1  2  3  4  5  6  7  8  9 10 |
---------------+-------------------------------+-----
Armour         | 4 5 6 7 |  7.2
Shields        | 4 5 6 7 9 |  9.7
Maces & Flails | 3 4 5 7 8 9 |  9.9
Fighting       | 4 5 6 7 |  7.1
Dodging        | 1 2 3 |  3.8
Stealth        | 1 |  1.2
Invocations    | |  0.2

Action                   |  1- 3 |  4- 6 |  7- 9 | 10-12 || total
-------------------------+-------+-------+-------+-------++-------
Melee: Flail             |   114 |   192 |   441 |   287 ||  1034
Invok: Heroism           |       |       |       |     1 ||     1
  Use: Potion            |     2 |     3 |       |     5 ||    10
       Scroll            |       |       |     1 |     1 ||     2
  Eat: Chunk             |       |     7 |     7 |     3 ||    17
       Bread ration      |       |       |     1 |       ||     1
       Fruit             |       |       |       |     2 ||     2
Armor: Scale mail        |    65 |   117 |   191 |    57 ||   430
       Skin              |       |       |       |    17 ||    17
Dodge: Dodged            |    39 |    67 |   108 |    36 ||   250
Block: Shield            |    72 |   114 |   130 |       ||   316
       Large shield      |       |       |   170 |   256 ||   426
